 Dungeon Crawl Stone Soup version 0.18.1-5-g4a78601 (webtiles) character file.

1450 Gargoyl the Covered (level 8, -5/63 HPs)
             Began as a Demonspawn Abyssal Knight on May 9, 2016.
             Was an Elder of Lugonu.
             Slain by tyrsky's ghost (13 damage)
             ... on level 5 of the Dungeon.
             The game lasted 00:13:56 (7505 turns).

Gargoyl the Covered (Demonspawn Abyssal Knight)     Turns: 7505, Time: 00:13:56

Health: -5/63      AC: 14    Str: 13 (14) XL:     8   Next: 47%
Magic:  10/10      EV:  7    Int: 12 (13) God:    Lugonu [****..]
Gold:   238        SH:  8    Dex: 14      Spells: 0 memorised, 7 levels left

rFire  + . .     SeeInvis .     a - +1 hand axe
rCold  . . .     Gourm    .     w - +0 chain mail
rNeg   + . .     Faith    .     d - +3 buckler
rPois  .         Spirit   .     (helmet restricted)
rElec  .         Dismiss  .     (no cloak)
rCorr  .         Reflect  .     A - +2 pair of gloves
SustAt .         Harm     .     (no boots)
MR     .....     Clarity  +     (no amulet)
Stlth  ..........               (no ring)
                                v - ring of positive energy

@: not resistant to hostile enchantments, extremely unstealthy
A: horns 2, talons 1, rugged brown scales 1, clarity, deterioration 2, fire
resistance 1, flame cloud immunity
a: Depart the Abyss, Bend Space, Banish, Corrupt, Renounce Religion


You were on level 5 of the Dungeon.
You worshipped Lugonu.
Lugonu was greatly pleased with you.
You were hungry.

You visited 1 branch of the dungeon, and saw 5 of its levels.
You visited the Abyss 1 time.
You also visited: Ossuary.

You collected 238 gold pieces.

Inventory:

Hand Weapons
 a - a +1 hand axe (weapon)
 q - a +0 flail
 s - a +0 spear
 J - a +0 vampiric spear
Missiles
 k - 5 tomahawks (quivered)
Armour
 d - a +3 buckler (worn)
 w - a +0 chain mail (worn)
 A - a +2 pair of gloves (worn)
Jewellery
 v - a ring of positive energy (left hand)
Wands
 f - a wand of confusion (33/48)
Scrolls
 e - a scroll of magic mapping
 h - a scroll of vulnerability {unknown}
 i - 3 scrolls of teleportation {unknown}
 l - a scroll of recharging {unknown}
 n - 2 scrolls of remove curse {unknown}
 o - a scroll of random uselessness {unknown}
 u - a scroll of identify
 x - 2 scrolls of fear {unknown}
 y - a scroll of immolation {unknown}
 B - 2 scrolls of amnesia {unknown}
 G - a scroll of holy word {unknown}
Potions
 j - 2 potions of curing
 m - 3 potions of agility
 p - 3 potions of haste {unknown}
 r - a potion of lignification
 t - 3 potions of brilliance
 C - a potion of mutation {unknown}
 D - a potion of ambrosia {unknown}
 E - a potion of magic {unknown}
 F - a potion of flight {unknown}
 H - a potion of cure mutation {unknown}
 K - a potion of berserk rage {unknown}
Comestibles
 b - 2 beef jerkies
 c - 3 bread rations
 g - a meat ration
 z - a slice of pizza


   Skills:
 + Level 5.1 Fighting
 + Level 4.2 Axes
 * Level 6.1 Armour
 + Level 3.3 Dodging
 + Level 0.4 Stealth
 + Level 3.1 Shields
 + Level 3.4 Invocations


You had 7 spell levels left.
You didn't know any spells.

Dungeon Overview and Level Annotations

Branches:
Dungeon (5/15)
 Temple: D:4-7

Altars:
Ashenzari
Cheibriados
Kikubaaqudgha
Yredelemnul
The Shining One

Annotations:
D:5 tyrsky's ghost, amateur MiGl


Innate Abilities, Weirdness & Mutations

You have a pair of horns on your head.
You are partially covered in rugged brown scales (AC +1, +3% HP).
Your flesh is heat resistant.
You are immune to clouds of flame.
You have sharp toenails.
You possess an exceptional clarity of mind.
Your body often deteriorates upon taking damage.


Message History

Tyrsky's ghost is almost destroyed.
You block tyrsky's ghost's attack.
You closely miss tyrsky's ghost. Your kick misses tyrsky's ghost.
Your headbutt misses tyrsky's ghost.
Tyrsky's ghost is almost destroyed.
You hit the phantom but do no damage. You claw the phantom, but do no damage.
The phantom is lightly damaged.
The phantom blinks!
You hit tyrsky's ghost but do no damage.
Tyrsky's ghost is almost destroyed.
You block tyrsky's ghost's attack.
You closely miss tyrsky's ghost.
Tyrsky's ghost is almost destroyed.
Tyrsky's ghost hits you!
* * * LOW HITPOINT WARNING * * *
You hit tyrsky's ghost but do no damage.
You claw tyrsky's ghost.
Tyrsky's ghost is almost destroyed.
Tyrsky's ghost hits you!
You die...

#..# ##.#.## #
#..#####.....# #
#......Y.....# #
#.##.##......#
######.##)##.....W#
..YW.W.##)###.....#
#########)# ##.#.##
# #.# #.#W# # #.#
#.#@# # #.# #.#.#
#.# ##.#.# ##
#.###....# .###
#...)..###
...######..##.##
...##......##.#
....#.####.##.#
....#.# #.##.#


You could see a phantom and tyrsky's ghost.

Vanquished Creatures
  A phantom (D:4)
  An ice beast (D:4)
  A sky beast (D:4)
  A necrophage (D:5)
  The ghost of Zaque the Skirmisher, an amateur GrFi (D:3)
  3 water moccasin zombies (Ossuary)
  2 howler monkeys (D:4)
  2 orc priests
  3 orc wizards (D:4)
  An iguana (D:4)
  7 worker ants
  2 big kobold zombies (Ossuary)
  2 mummies (Ossuary)
  Robin (D:2)
  8 adders
  7 gnolls
  2 oozes
  7 adder zombies
  5 worms
  4 dart slugs
  2 giant geckos (D:5)
  10 orcs
  9 bats
  8 giant cockroaches
  3 gnoll zombies (Ossuary)
  8 hobgoblins
  9 jackals
  A quokka (D:5)
  4 giant newts
  12 goblins
  6 hobgoblin zombies (Ossuary)
  A jackal skeleton (D:4)
  6 kobolds
  2 kobold zombies (Ossuary)
  4 orc zombies (Ossuary)
  9 rats
155 creatures vanquished.

Vanquished Creatures (others)
  An ogre (D:4)
  A jackal skeleton (D:4)
2 creatures vanquished.

Grand Total: 157 creatures vanquished

Notes
Turn   | Place    | Note
--------------------------------------------------------------
     0 | Abyss:1  | Gargoyl the Demonspawn Abyssal Knight began the quest for the Orb.
     0 | Abyss:1  | Reached XP level 1. HP: 18/18 MP: 2/2
   128 | D:1      | Escaped the Abyss
   516 | D:1      | Reached * piety under Lugonu
   539 | D:1      | Reached skill level 1 in Dodging
   539 | D:1      | Gained mutation: Your flesh is heat resistant. [demonic ancestry]
   539 | D:1      | Reached XP level 2. HP: 24/24 MP: 3/3
   541 | D:1      | Reached skill level 2 in Armour
  1075 | D:2      | Found a basalt altar of Yredelemnul.
  1175 | D:2      | Reached XP level 3. HP: 29/29 MP: 4/4
  1194 | D:2      | Found a glowing golden altar of the Shining One.
  1512 | D:2      | Gained mutation: You have a pair of small horns on your head. [demonic ancestry]
  1512 | D:2      | Reached XP level 4. HP: 31/37 MP: 5/5
  1699 | D:2      | Noticed Robin
  1706 | D:2      | Reached ** piety under Lugonu
  1711 | D:2      | Killed Robin
  2158 | D:2      | Reached skill level 3 in Armour
  2306 | D:2      | Reached skill level 1 in Shields
  2691 | D:3      | Gained mutation: You are partially covered in rugged brown scales (AC +1, +3% HP). [demonic ancestry]
  2691 | D:3      | Reached XP level 5. HP: 37/43 MP: 6/6
  2909 | D:3      | Noticed Zaque's ghost (amateur GrFi)
  3597 | D:3      | Reached *** piety under Lugonu
  3772 | D:3      | Found an ancient bone altar of Kikubaaqudgha.
  3772 | D:3      | Found a snail-covered altar of Cheibriados.
  4197 | D:3      | Killed Zaque's ghost
  4197 | D:3      | Reached skill level 4 in Armour
  4197 | D:3      | Gained mutation: You are immune to clouds of flame. [demonic ancestry]
  4197 | D:3      | Reached XP level 6. HP: 34/49 MP: 7/7
  5004 | D:4      | Reached XP level 7. HP: 29/55 MP: 9/9
  5853 | D:4      | Reached skill level 5 in Armour
  6414 | D:5      | Entered Level 5 of the Dungeon
  6414 | D:5      | Found a sand-covered staircase.
  6421 | Ossuary  | Entered an ossuary
  6515 | Ossuary  | Reached **** piety under Lugonu
  6552 | Ossuary  | Gained mutation: You have a pair of horns on your head. [demonic ancestry]
  6552 | Ossuary  | Reached XP level 8. HP: 38/62 MP: 10/10
  6862 | D:5      | Reached skill level 5 in Fighting
  7014 | D:5      | Found a shattered altar of Ashenzari.
  7144 | D:5      | Noticed tyrsky's ghost (amateur MiGl)
  7215 | D:4      | Reached skill level 6 in Armour
  7261 | D:4      | Gained mutation: Your body sometimes deteriorates upon taking damage. [mutagenic meat]
  7263 | D:4      | Gained mutation: Your body often deteriorates upon taking damage. [mutagenic meat]
  7264 | D:4      | Gained mutation: You possess an exceptional clarity of mind. [mutagenic meat]
  7265 | D:4      | Gained mutation: You have sharp toenails. [mutagenic meat]
  7505 | D:5      | Slain by tyrsky's ghost

Skill      XL: |  1  2  3  4  5  6  7  8 |
---------------+-------------------------+-----
Dodging        | 1 2 3 |  3.3
Armour         | 2 3 4 5 6 |  6.1
Axes           | 2 3 4 |  4.2
Shields        | 1 2 3 |  3.1
Fighting       | 4 5 |  5.1
Invocations    | 3 |  3.4
Stealth        | |  0.4

Action                   |  1- 3 |  4- 6 |  7- 9 || total
-------------------------+-------+-------+-------++-------
Melee: Hand axe          |   112 |   341 |   408 ||   861
       Headbutt          |       |    63 |    95 ||   158
       Kick              |       |       |    13 ||    13
Invok: Depart the Abyss  |     1 |       |       ||     1
       Banish            |       |     2 |       ||     2
  Use: Potion            |     1 |     6 |     2 ||     9
       Scroll            |       |     6 |       ||     6
  Eat: Chunk             |     2 |    10 |    13 ||    25
       Fruit             |       |     3 |       ||     3
Armor: Scale mail        |    44 |    35 |       ||    79
       Chain mail        |       |   133 |   220 ||   353
       Skin              |       |    12 |     1 ||    13
Dodge: Dodged            |    54 |   101 |    95 ||   250
Block: Buckler           |    32 |   113 |   146 ||   291
